Patriotes vs Remparts
Created - January 15, 2018 at 19:56
Goals
|
| Patriotes |
1 |
2 |
2 |
5 |
| Remparts |
4 |
3 |
1 |
8 |
|
Shots
|
| Patriotes |
14 |
9 |
15 |
38 |
| Remparts |
12 |
11 |
8 |
31 |
|
1st period
1. Patriotes , Ryan Wilson 7 (Timothy Kunes 20, Jared Knight 4) at 10:34
2. Remparts , Alex Galchenyuk 20 (Ryan Strome 17) at 12:03
3. Remparts , Cody Ceci 2 (Daniel Paille 14, Max Reinhart 17) at 14:00
4. Remparts , Alex Galchenyuk 21 (Guillaume Desbiens 27, Mika Zibanejad 29) at 15:29
5. Remparts , Johannes Salmonsson 8 (Chris Mueller 6, Kris Russell 4) at 18:33
Penalties :
Timothy Kunes (Nyc) for High sticking (Minor) at 15:32, Phil McRae (Nyc) for Goalie Interference (Minor) at 19:56
2nd period
6. Remparts , Alex Galchenyuk 22 (Guillaume Desbiens 28, Mike Weber 13) at 1:13 (PP)
7. Remparts , Alex Galchenyuk 23 (Guillaume Desbiens 29, Mika Zibanejad 30) at 3:28
8. Remparts , Guillaume Desbiens 25 (Alex Galchenyuk 24, William Colbert 14) at 5:07
9. Patriotes , Matt Calvert 9 (Mark Stone 7) at 12:58
10. Patriotes , Jared Knight 4 (Emerson Etem 15, Ryan Wilson 25) at 15:15
Penalties :
Guillaume Desbiens (Que) for Hooking (Minor) at 15:26
3rd period
11. Remparts , Mika Zibanejad 11 (Guillaume Desbiens 30, Alex Galchenyuk 25) at 0:49
12. Patriotes , Andrew Gordon 21 (Austin Watson 3) at 16:54
13. Patriotes , Timothy Kunes 8 (Ryan Wilson 26, Mark Stone 8) at 17:45
Penalties :
Brandon Mashinter (Que) for Hooking (Minor) at 8:56
Goalie Stats
Andrei Vasilevskiy (Nyc), 14 saves from 18 shots - (0.778), 37:44 minutes
Marek Schwarz (Nyc), 9 saves from 13 shots - (0.692), L, 4-10-4, 22:16 minutes
Tyler Plante (Que), 33 saves from 38 shots - (0.868), W, 10-10-1, 60:00 minutes
Players Stats for Patriotes
Player Name G A P +/- PIM S H SB GA TA FO MP PP MP PK MP
------------------------------------------------------------------------------------
Aaron Ness 0 0 0 0 0 0 0 1 0 2 0/0 15:03 0:00 0:58
Alex Petrovic 0 0 0 0 0 0 0 0 0 2 0/0 13:58 0:00 0:00
Andrew Gordon 1 0 1 -1 0 7 1 0 0 1 2/3 15:32 2:13 1:44
Anthony Bitetto 0 0 0 -2 0 1 1 2 0 2 0/0 21:00 1:50 1:34
Austin Watson 0 1 1 2 0 1 0 0 1 0 1/2 12:20 0:00 0:31
Christian Hanson 0 0 0 -3 0 4 2 0 0 0 24/36 21:25 2:13 1:45
David Kolomatis 0 0 0 -2 0 1 1 0 0 1 0/0 21:02 1:50 1:43
Emerson Etem 0 1 1 2 0 2 0 1 1 1 0/0 12:28 0:00 0:32
Evgeny Kuznetsov 0 0 0 0 0 0 0 0 0 0 0/0 0:00 0:00 0:00
Jared Knight 1 1 2 2 0 1 1 0 0 0 3/6 11:49 0:00 0:00
Justin Florek 0 0 0 0 0 1 1 0 0 0 0/0 13:31 1:45 0:00
Mark Stone 0 2 2 -3 0 1 1 0 0 1 0/0 17:29 0:00 0:00
Matt Calvert 1 0 1 -3 0 7 1 0 1 0 0/0 20:33 2:13 1:00
Phil McRae 0 0 0 -1 2 1 0 1 1 0 1/4 11:43 0:00 0:00
Riley Barber 0 0 0 0 0 0 0 0 0 0 0/0 0:00 0:00 0:00
Robbie Russo 0 0 0 0 0 0 0 0 0 0 0/0 0:00 0:00 0:00
Robert Baillargeon 0 0 0 0 0 0 0 0 0 0 0/0 0:00 0:00 0:00
Ryan Wilson 1 2 3 0 0 5 2 0 2 0 0/0 25:02 2:08 1:42
Scott Glennie 0 0 0 0 0 0 0 0 0 0 0/0 0:00 0:00 0:00
Timothy Kunes 1 1 2 0 2 2 2 2 0 2 0/0 24:01 2:08 0:35
Tyler Randell 0 0 0 0 0 1 2 0 2 1 1/1 14:31 1:45 1:00
Vince Hinostroza 0 0 0 -1 0 1 1 0 0 0 0/0 11:44 0:00 0:00
Zenon Konopka 0 0 0 0 0 2 2 0 0 2 5/6 13:31 1:45 0:00
Players Stats for Remparts
Player Name G A P +/- PIM S H SB GA TA FO MP PP MP PK MP
------------------------------------------------------------------------------------
Alex Galchenyuk 4 2 6 2 0 9 2 2 1 2 2/6 19:18 1:41 0:25
Brandon Mashinter 0 0 0 0 2 0 0 1 0 0 1/3 11:04 0:10 0:00
Chris Mueller 0 1 1 1 0 1 0 0 1 1 3/4 11:05 0:00 0:58
Cody Ceci 1 0 1 0 0 1 0 2 1 2 0/0 24:40 0:00 2:28
Dale Weise 0 0 0 1 0 0 0 0 1 0 0/0 9:46 0:00 0:00
Daniel Paille 0 1 1 -1 0 2 2 3 1 0 0/0 16:28 1:35 0:00
Griffin Reinhart 0 0 0 1 0 0 0 0 0 0 0/0 17:20 1:03 0:00
Guillaume Desbiens 1 4 5 2 2 3 1 1 2 0 1/1 19:33 1:41 0:41
Johannes Salmonsson 1 0 1 1 0 3 1 0 0 0 0/0 12:00 0:00 2:14
Kris Russell 0 1 1 0 0 1 2 0 4 1 0/0 26:09 2:13 1:30
Matt Halischuk 0 0 0 0 0 2 2 0 0 0 0/0 10:34 0:00 0:00
Max Reinhart 0 1 1 -1 0 4 0 0 0 0 4/14 18:43 1:35 2:15
Michal Jordan 0 0 0 1 0 0 0 1 1 0 0/0 13:22 0:00 0:00
Mika Zibanejad 1 2 3 2 0 2 2 0 3 0 10/29 19:08 1:31 0:25
Mike Weber 0 1 1 1 0 0 0 2 0 1 0/0 21:56 2:13 2:28
Pasi Salonen 0 0 0 0 0 0 0 1 0 0 0/1 11:53 0:00 0:58
Ryan Strome 0 1 1 -1 0 1 1 0 0 0 0/0 16:28 1:35 0:00
William Colbert 0 1 1 1 0 2 0 2 0 1 0/0 16:33 1:03 1:30
3 Stars
1 - Alex Galchenyuk (Que)
2 - Guillaume Desbiens (Que)
3 - Mika Zibanejad (Que)
Power Play
Patriotes - 0 on 2 Attempt(s) - 0.00%
Remparts - 1 on 2 Attempt(s) - 50.00%
Penalty Kill
Patriotes - 1 on 2 Attempt(s) - 50.00%
- Score 0 goal in Penalty Kill
Remparts - 2 on 2 Attempt(s) - 100.00%
- Score 0 goal in Penalty Kill
Team Stat
Patriotes - Hits : 18 - Faceoff Wins : 37 - Blocked Shots : 7 - Penalty Minutes : 4
Remparts - Hits : 13 - Faceoff Wins : 21 - Blocked Shots : 15 - Penalty Minutes : 4
Official
Referees : Marouelli Dan and LaRue Dennis
Linesman : Scott Driscoll and Mark Shewchyk
Game Notes
Marek Schwarz enters game at 18:33 of 1st period
Alex Galchenyuk has scored a Hat Trick!
3:28 of 2nd period - Remparts goal is going for a video replay. After video review, Goal.
Andrei Vasilevskiy enters game at 0:49 of 3rd period
Finance
Level 1 -- Attendance: 1338 (66.90%) -- Ticket Income $40,140
Level 2 -- Attendance: 752 (75.20%) -- Ticket Income $15,040
Total Attendance: 2090 (69.67%)
Total Ticket Income: $55,180
Other Income: $2,759
Total Income: $57,939
Patriotes
5 vs 5 Forward
Center Left Wing Right Wing Time % Phy DF OF
1 Christian Hanson Matt Calvert Mark Stone 40 1 2 2
2 Zenon Konopka Justin Florek Tyler Randell 20 1 2 2
3 Phil McRae Vince Hinostroza Andrew Gordon 20 1 2 2
4 Jared Knight Austin Watson Emerson Etem 20 1 2 2
5 vs 5 Defense
Defense Defense Time % Phy DF OF
1 Ryan Wilson Timothy Kunes 40 1 2 2
2 Anthony Bitetto David Kolomatis 30 1 2 2
3 Alex Petrovic Aaron Ness 20 1 2 2
4 Ryan Wilson Timothy Kunes 10 1 2 2
PowerPlay Forward
Center Left Wing Right Wing Time % Phy DF OF
1 Christian Hanson Matt Calvert Andrew Gordon 60 1 2 2
2 Zenon Konopka Justin Florek Tyler Randell 40 1 2 2
PowerPlay Defense
Defense Defense Time % Phy DF OF
1 Ryan Wilson Timothy Kunes 60 1 2 2
2 Anthony Bitetto David Kolomatis 40 1 2 2
Penalty Kill 4 Players Forward
Center Wing Time % Phy DF OF
1 Andrew Gordon Christian Hanson 60 1 2 2
2 Tyler Randell Matt Calvert 40 1 2 2
Penalty Kill 4 Players Defense
Defense Defense Time % Phy DF OF
1 Ryan Wilson Timothy Kunes 60 1 2 2
2 Anthony Bitetto David Kolomatis 40 1 2 2
Penalty Kill - 3 Players Forward
Forward Time % Phy DF OF
1 Andrew Gordon 60 1 2 2
2 Christian Hanson 40 1 2 2
Penalty Kill - 3 Players Defense
Defense Defense Time % Phy DF OF
1 Ryan Wilson Timothy Kunes 60 1 2 2
2 Anthony Bitetto David Kolomatis 40 1 2 2
4 vs 4 Forward
Center Wing Time % Phy DF OF
1 Andrew Gordon Christian Hanson 60 1 2 2
2 Tyler Randell Matt Calvert 40 1 2 2
4 vs 4 Defense
Defense Defense Time % Phy DF OF
1 Ryan Wilson Timothy Kunes 60 1 2 2
2 Anthony Bitetto David Kolomatis 40 1 2 2
Last Minutes Offensive
Center Left Wing Right Wing Defense Defense
Christian Hanson Matt Calvert Andrew Gordon Ryan Wilson Timothy Kunes
Last Minutes Defensive
Center Left Wing Right Wing Defense Defense
Christian Hanson Matt Calvert Andrew Gordon Ryan Wilson Timothy Kunes
Goaltenders
Starting : Andrei Vasilevskiy
Backup : Marek Schwarz
Extra Forwards
Normal : Mark Stone, Phil McRae, Emerson Etem - PP : Mark Stone, Phil McRae - PK : Emerson Etem
Extra Defensemen
Normal : Alex Petrovic, Aaron Ness, Anthony Bitetto - PP : Alex Petrovic - PK : Aaron Ness, Anthony Bitetto
Penalty Shots
Andrew Gordon, Christian Hanson, Tyler Randell, Matt Calvert, Zenon Konopka
Scratches
Phoenix Copley (Healthy)
Remparts
5 vs 5 Forward
Center Left Wing Right Wing Time % Phy DF OF
1 Mika Zibanejad Alex Galchenyuk Guillaume Desbiens 40 0 2 3
2 Max Reinhart Daniel Paille Ryan Strome 30 0 2 3
3 Brandon Mashinter Pasi Salonen Matt Halischuk 20 0 2 3
4 Chris Mueller Johannes Salmonsson Dale Weise 10 0 2 3
5 vs 5 Defense
Defense Defense Time % Phy DF OF
1 Kris Russell Cody Ceci 40 1 2 2
2 Mike Weber Griffin Reinhart 30 1 2 2
3 William Colbert Michal Jordan 20 1 2 2
4 Kris Russell Cody Ceci 10 1 2 2
PowerPlay Forward
Center Left Wing Right Wing Time % Phy DF OF
1 Mika Zibanejad Alex Galchenyuk Guillaume Desbiens 60 1 0 4
2 Max Reinhart Daniel Paille Ryan Strome 40 1 0 4
PowerPlay Defense
Defense Defense Time % Phy DF OF
1 Kris Russell Mike Weber 60 0 2 3
2 William Colbert Griffin Reinhart 40 0 2 3
Penalty Kill 4 Players Forward
Center Wing Time % Phy DF OF
1 Max Reinhart Johannes Salmonsson 60 0 4 1
2 Chris Mueller Pasi Salonen 40 0 4 1
Penalty Kill 4 Players Defense
Defense Defense Time % Phy DF OF
1 Cody Ceci Mike Weber 60 1 4 0
2 William Colbert Kris Russell 40 1 4 0
Penalty Kill - 3 Players Forward
Forward Time % Phy DF OF
1 Max Reinhart 60 0 4 1
2 Chris Mueller 40 0 4 1
Penalty Kill - 3 Players Defense
Defense Defense Time % Phy DF OF
1 Cody Ceci Mike Weber 60 1 4 0
2 William Colbert Kris Russell 40 1 4 0
4 vs 4 Forward
Center Wing Time % Phy DF OF
1 Mika Zibanejad Alex Galchenyuk 60 0 2 3
2 Max Reinhart Guillaume Desbiens 40 0 2 3
4 vs 4 Defense
Defense Defense Time % Phy DF OF
1 Kris Russell Cody Ceci 60 1 2 2
2 Mike Weber Griffin Reinhart 40 1 2 2
Last Minutes Offensive
Center Left Wing Right Wing Defense Defense
Mika Zibanejad Alex Galchenyuk Guillaume Desbiens Kris Russell Mike Weber
Last Minutes Defensive
Center Left Wing Right Wing Defense Defense
Max Reinhart Johannes Salmonsson Guillaume Desbiens Cody Ceci Mike Weber
Goaltenders
Starting : Tyler Plante
Backup : Igor Bobkov
Extra Forwards
Normal : Ryan Strome, Alex Galchenyuk, Mika Zibanejad - PP : Ryan Strome, Alex Galchenyuk - PK : Guillaume Desbiens
Extra Defensemen
Normal : Griffin Reinhart, Cody Ceci, Mike Weber - PP : Cody Ceci - PK : Griffin Reinhart, Cody Ceci
Penalty Shots
Alex Galchenyuk, Pasi Salonen, Daniel Paille, Ryan Strome, Matt Halischuk
Scratches
Dainius Zubrus (Suspend), Michael Paliotta (Healthy), Anton Zlobin (Healthy), Mitchell Heard (Healthy), Erik Gustafsson (Healthy)
Patrick Maroon (Healthy), Tim Bozon (Healthy), François Brassard (Healthy)
% Time on Ice - Patriotes
Lines # - Real PCT - Wanted PCT - Time Play
Normal Forward
1 - 33% - 40% - 17:27
2 - 22% - 20% - 11:46
3 - 22% - 20% - 11:44
4 - 22% - 20% - 11:49
Normal Defense
1 - 37% - 40% - 19:21
2 - 33% - 30% - 17:29
3 - 26% - 20% - 13:58
4 - 4% - 10% - 1:58
PP Forward
1 - 56% - 60% - 2:13
2 - 44% - 40% - 1:45
PP Defense
1 - 54% - 60% - 2:08
2 - 46% - 40% - 1:50
PK Forward
1 - 69% - 60% - 2:16
2 - 31% - 40% - 1:00
PK Defense
1 - 63% - 60% - 2:03
2 - 37% - 40% - 1:13
PK3 Forward
1 - 0% - 60%
2 - 0% - 40%
PK3 Defense
1 - 0% - 60%
2 - 0% - 40%
44 Forward
1 - 0% - 60%
2 - 0% - 40%
44 Defense
1 - 0% - 60%
2 - 0% - 40%
Last Minute Offensive - 0:00
Last Minute Defensive - 0:00
Total
Forward - 60:00
Defense - 60:00
|
% Time on Ice - Remparts
Lines # - Real PCT - Wanted PCT - Time Play
Normal Forward
1 - 33% - 40% - 17:12
2 - 29% - 30% - 15:14
3 - 20% - 20% - 10:34
4 - 19% - 10% - 9:46
Normal Defense
1 - 39% - 40% - 20:21
2 - 32% - 30% - 17:05
3 - 25% - 20% - 13:12
4 - 4% - 10% - 2:08
PP Forward
1 - 52% - 60% - 1:41
2 - 48% - 40% - 1:35
PP Defense
1 - 68% - 60% - 2:13
2 - 32% - 40% - 1:03
PK Forward
1 - 76% - 60% - 3:00
2 - 24% - 40% - 0:58
PK Defense
1 - 62% - 60% - 2:28
2 - 38% - 40% - 1:30
PK3 Forward
1 - 0% - 60%
2 - 0% - 40%
PK3 Defense
1 - 0% - 60%
2 - 0% - 40%
44 Forward
1 - 0% - 60%
2 - 0% - 40%
44 Defense
1 - 0% - 60%
2 - 0% - 40%
Last Minute Offensive - 0:00
Last Minute Defensive - 0:00
Total
Forward - 60:00
Defense - 60:00
|
Play by Play
1st period
0:01 of 1st period - Christian Hanson wins face-off versus Mika Zibanejad in neutral zone.
0:12 of 1st period - Snap shot by Christian Hanson.
0:12 of 1st period - Stopped by Tyler Plante without a rebound.
0:13 of 1st period - Zenon Konopka wins face-off versus Max Reinhart in Remparts zone.
0:18 of 1st period - Snap shot by Zenon Konopka.
0:18 of 1st period - Stopped by Tyler Plante with a rebound.
0:21 of 1st period - Icing by Mike Weber.
0:22 of 1st period - Zenon Konopka wins face-off versus Max Reinhart in Remparts zone.
0:44 of 1st period - Slapshot by Zenon Konopka.
0:44 of 1st period - Shot Blocked by Daniel Paille.
1:32 of 1st period - Slapshot by Daniel Paille.
1:32 of 1st period - Shot Blocked by Anthony Bitetto.
1:34 of 1st period - Slapshot by Max Reinhart.
1:34 of 1st period - Stopped by Andrei Vasilevskiy without a rebound.
1:35 of 1st period - Christian Hanson wins face-off versus Mika Zibanejad in Patriotes zone.
1:44 of 1st period - Alex Galchenyuk is hit by Mark Stone and loses puck.
3:36 of 1st period - Snap shot by Emerson Etem.
3:36 of 1st period - Deflect By Austin Watson.
3:36 of 1st period - Shot Blocked by William Colbert.
3:36 of 1st period - Puck is out of play.
3:37 of 1st period - Brandon Mashinter wins face-off versus Jared Knight in Remparts zone.
4:02 of 1st period - Matt Calvert is hit by Guillaume Desbiens and loses puck.
4:47 of 1st period - Cody Ceci is hit by Tyler Randell and loses puck.
5:02 of 1st period - Anthony Bitetto is hit by Matt Halischuk and loses puck.
5:11 of 1st period - Snap shot by Pasi Salonen.
5:11 of 1st period - Shot Misses the Net.
5:16 of 1st period - Icing by Jared Knight.
5:17 of 1st period - Jared Knight wins face-off versus Mika Zibanejad in Patriotes zone.
5:30 of 1st period - Snap shot by Emerson Etem.
5:30 of 1st period - Shot Misses the Net.
6:27 of 1st period - Slapshot by Kris Russell.
6:27 of 1st period - Deflect By David Kolomatis.
6:27 of 1st period - Stopped by Andrei Vasilevskiy with a rebound.
6:29 of 1st period - Slapshot by Cody Ceci.
6:29 of 1st period - Shot Blocked by Anthony Bitetto.
6:31 of 1st period - Snap shot by Daniel Paille.
6:31 of 1st period - Stopped by Andrei Vasilevskiy without a rebound.
6:32 of 1st period - Christian Hanson wins face-off versus Mika Zibanejad in Patriotes zone.
6:37 of 1st period - Mika Zibanejad is hit by Timothy Kunes and loses puck.
7:05 of 1st period - Slapshot by Ryan Wilson.
7:05 of 1st period - Shot Blocked by Cody Ceci.
7:23 of 1st period - Timothy Kunes is hit by Daniel Paille and loses puck.
7:38 of 1st period - Slapshot by Johannes Salmonsson.
7:38 of 1st period - Shot Blocked by Emerson Etem.
7:40 of 1st period - Slapshot by Cody Ceci.
7:40 of 1st period - Shot Blocked by Aaron Ness.
7:44 of 1st period - Slapshot by Johannes Salmonsson.
7:44 of 1st period - Shot Misses the Net.
8:35 of 1st period - Wrist shot by Ryan Strome.
8:35 of 1st period - Shot Misses the Net.
8:53 of 1st period - Slapshot by Vince Hinostroza.
8:53 of 1st period - Stopped by Tyler Plante with a rebound.
9:06 of 1st period - Wrist shot by Andrew Gordon.
9:06 of 1st period - Stopped by Tyler Plante without a rebound.
9:07 of 1st period - Christian Hanson wins face-off versus Alex Galchenyuk in Remparts zone.
9:34 of 1st period - Snap shot by Tyler Randell.
9:34 of 1st period - Stopped by Tyler Plante without a rebound.
9:35 of 1st period - Zenon Konopka wins face-off versus Brandon Mashinter in Remparts zone.
10:03 of 1st period - Icing by William Colbert.
10:04 of 1st period - Mika Zibanejad wins face-off versus Christian Hanson in Remparts zone.
10:15 of 1st period - Slapshot by Matt Calvert.
10:15 of 1st period - Stopped by Tyler Plante with a rebound.
10:19 of 1st period - Slapshot by Christian Hanson.
10:19 of 1st period - Stopped by Tyler Plante with a rebound.
10:21 of 1st period - Slapshot by Ryan Wilson.
10:21 of 1st period - Stopped by Tyler Plante without a rebound.
10:22 of 1st period - Max Reinhart wins face-off versus Austin Watson in Remparts zone.
10:26 of 1st period - Off-side.
10:27 of 1st period - Jared Knight wins face-off versus Max Reinhart in neutral zone.
10:32 of 1st period - Slapshot by Timothy Kunes.
10:32 of 1st period - Stopped by Tyler Plante with a rebound.
10:34 of 1st period - Slapshot by Ryan Wilson.
10:34 of 1st period - Goal by Ryan Wilson - Patriotes : 1 - Remparts : 0.
10:35 of 1st period - Christian Hanson wins face-off versus Alex Galchenyuk in neutral zone.
11:00 of 1st period - Cody Ceci is hit by Zenon Konopka and loses puck.
11:33 of 1st period - Slapshot by Andrew Gordon.
11:33 of 1st period - Shot Misses the Net.
11:53 of 1st period - Backhand shot by Ryan Wilson.
11:53 of 1st period - Shot Blocked by Daniel Paille.
12:03 of 1st period - Snap shot by Alex Galchenyuk.
12:03 of 1st period - Goal by Alex Galchenyuk - Patriotes : 1 - Remparts : 1.
12:04 of 1st period - Mika Zibanejad wins face-off versus Christian Hanson in neutral zone.
12:11 of 1st period - Snap shot by Guillaume Desbiens.
12:11 of 1st period - Shot Misses the Net.
12:13 of 1st period - Slapshot by Mike Weber.
12:13 of 1st period - Shot Misses the Net.
12:15 of 1st period - Snap shot by Mika Zibanejad.
12:15 of 1st period - Shot Misses the Net.
12:17 of 1st period - Slapshot by Mike Weber.
12:17 of 1st period - Deflect By Alex Galchenyuk.
12:17 of 1st period - Stopped by Andrei Vasilevskiy with a rebound.
12:19 of 1st period - Snap shot by Alex Galchenyuk.
12:19 of 1st period - Stopped by Andrei Vasilevskiy with a rebound.
12:34 of 1st period - Snap shot by Christian Hanson.
12:34 of 1st period - Shot Misses the Net.
12:40 of 1st period - Snap shot by Matt Calvert.
12:40 of 1st period - Stopped by Tyler Plante with a rebound.
12:42 of 1st period - Slapshot by David Kolomatis.
12:42 of 1st period - Stopped by Tyler Plante without a rebound.
12:43 of 1st period - Mika Zibanejad wins face-off versus Jared Knight in Remparts zone.
12:48 of 1st period - Ryan Wilson is hit by Alex Galchenyuk.
13:54 of 1st period - Wrist shot by Daniel Paille.
13:54 of 1st period - Shot Blocked by Timothy Kunes.
13:56 of 1st period - Slapshot by Max Reinhart.
13:56 of 1st period - Stopped by Andrei Vasilevskiy with a rebound.
13:58 of 1st period - Wrist shot by Daniel Paille.
13:58 of 1st period - Stopped by Andrei Vasilevskiy with a rebound.
14:00 of 1st period - Backhand shot by Cody Ceci.
14:00 of 1st period - Goal by Cody Ceci - Patriotes : 1 - Remparts : 2.
14:01 of 1st period - Christian Hanson wins face-off versus Mika Zibanejad in neutral zone.
14:04 of 1st period - Snap shot by Matt Calvert.
14:04 of 1st period - Shot Misses the Net.
15:29 of 1st period - Wrist shot by Alex Galchenyuk.
15:29 of 1st period - Goal by Alex Galchenyuk - Patriotes : 1 - Remparts : 3.
15:30 of 1st period - Christian Hanson wins face-off versus Mika Zibanejad in neutral zone.
15:32 of 1st period - Minor Penalty to Timothy Kunes for High sticking.
15:33 of 1st period - Andrew Gordon wins face-off versus Mika Zibanejad in Patriotes zone.
16:10 of 1st period - Snap shot by Ryan Strome.
16:10 of 1st period - Stopped by Andrei Vasilevskiy with a rebound.
17:32 of 1st period - Penalty to Timothy Kunes is over, Timothy Kunes is back on ice.
18:06 of 1st period - Timothy Kunes is hit by Kris Russell and loses puck.
18:21 of 1st period - Slapshot by Ryan Wilson.
18:21 of 1st period - Stopped by Tyler Plante without a rebound.
18:22 of 1st period - Chris Mueller wins face-off versus Phil McRae in Remparts zone.
18:33 of 1st period - Wrist shot by Johannes Salmonsson.
18:33 of 1st period - Goal by Johannes Salmonsson - Patriotes : 1 - Remparts : 4.
18:33 of 1st period - Marek Schwarz enters game.
18:34 of 1st period - Christian Hanson wins face-off versus Mika Zibanejad in neutral zone.
18:37 of 1st period - Snap shot by Timothy Kunes.
18:37 of 1st period - Shot Blocked by Cody Ceci.
18:59 of 1st period - Max Reinhart is hit by Ryan Wilson and loses puck.
19:08 of 1st period - Snap shot by Austin Watson.
19:08 of 1st period - Shot Misses the Net.
19:10 of 1st period - Snap shot by Austin Watson.
19:10 of 1st period - Stopped by Tyler Plante with a rebound.
19:12 of 1st period - Slapshot by Emerson Etem.
19:12 of 1st period - Shot Misses the Net.
19:56 of 1st period - Minor Penalty to Phil McRae for Goalie Interference.
19:57 of 1st period - Mika Zibanejad wins face-off versus Andrew Gordon in Patriotes zone.
Goals for this period are 1 for Patriotes vs 4 for Remparts.
Shots for this period are 14 for Patriotes vs 12 for Remparts.
2nd period
0:01 of 2nd period - Andrew Gordon wins face-off versus Mika Zibanejad in neutral zone.
0:43 of 2nd period - Icing by Daniel Paille.
0:44 of 2nd period - Tyler Randell wins face-off versus Max Reinhart in Remparts zone.
0:47 of 2nd period - Snap shot by Tyler Randell.
0:47 of 2nd period - Shot Misses the Net.
1:13 of 2nd period - Wrist shot by Guillaume Desbiens.
1:13 of 2nd period - Deflect By Alex Galchenyuk.
1:13 of 2nd period - Goal by Alex Galchenyuk - Patriotes : 1 - Remparts : 5.
1:14 of 2nd period - Christian Hanson wins face-off versus Mika Zibanejad in neutral zone.
1:21 of 2nd period - Snap shot by Matt Calvert.
1:21 of 2nd period - Shot Blocked by Michal Jordan.
2:00 of 2nd period - Slapshot by Ryan Wilson.
2:00 of 2nd period - Shot Misses the Net.
2:02 of 2nd period - Backhand shot by Justin Florek.
2:02 of 2nd period - Shot Misses the Net.
2:04 of 2nd period - Wrist shot by Timothy Kunes.
2:04 of 2nd period - Shot Misses the Net.
2:06 of 2nd period - Slapshot by Ryan Wilson.
2:06 of 2nd period - Shot Blocked by Brandon Mashinter.
2:08 of 2nd period - Backhand shot by Tyler Randell.
2:08 of 2nd period - Shot Blocked by Mike Weber.
2:10 of 2nd period - Snap shot by Ryan Wilson.
2:10 of 2nd period - Shot Hit the Post.
2:47 of 2nd period - Snap shot by Mark Stone.
2:47 of 2nd period - Shot Misses the Net.
2:49 of 2nd period - Slapshot by Christian Hanson.
2:49 of 2nd period - Shot Misses the Net.
2:51 of 2nd period - Slapshot by Christian Hanson.
2:51 of 2nd period - Stopped by Tyler Plante without a rebound.
2:52 of 2nd period - Zenon Konopka wins face-off versus Max Reinhart in Remparts zone.
3:07 of 2nd period - Cody Ceci is hit by Zenon Konopka and loses puck.
3:20 of 2nd period - Wrist shot by Guillaume Desbiens.
3:20 of 2nd period - Shot Misses the Net.
3:22 of 2nd period - Snap shot by Guillaume Desbiens.
3:22 of 2nd period - Deflect By Mark Stone.
3:22 of 2nd period - Shot Misses the Net.
3:22 of 2nd period - Puck is out of play.
3:23 of 2nd period - Mika Zibanejad wins face-off versus Christian Hanson in Patriotes zone.
3:26 of 2nd period - Snap shot by Alex Galchenyuk.
3:26 of 2nd period - Shot Misses the Net.
3:28 of 2nd period - Snap shot by Guillaume Desbiens.
3:28 of 2nd period - Deflect By Alex Galchenyuk.
3:28 of 2nd period - Remparts goal is going for a video replay.
3:28 of 2nd period - The goal is good.
3:28 of 2nd period - Goal by Alex Galchenyuk - Patriotes : 1 - Remparts : 6.
3:29 of 2nd period - Alex Galchenyuk wins face-off versus Christian Hanson in neutral zone.
3:54 of 2nd period - Ryan Wilson is hit by Ryan Strome and loses puck.
4:23 of 2nd period - Slapshot by Matt Halischuk.
4:23 of 2nd period - Stopped by Marek Schwarz with a rebound.
4:25 of 2nd period - Snap shot by Brandon Mashinter.
4:25 of 2nd period - Shot Misses the Net.
4:45 of 2nd period - Slapshot by David Kolomatis.
4:45 of 2nd period - Shot Blocked by William Colbert.
4:59 of 2nd period - Backhand shot by Johannes Salmonsson.
4:59 of 2nd period - Stopped by Marek Schwarz with a rebound.
5:01 of 2nd period - Slapshot by William Colbert.
5:01 of 2nd period - Stopped by Marek Schwarz with a rebound.
5:03 of 2nd period - Slapshot by William Colbert.
5:03 of 2nd period - Stopped by Marek Schwarz with a rebound.
5:05 of 2nd period - Snap shot by Alex Galchenyuk.
5:05 of 2nd period - Stopped by Marek Schwarz with a rebound.
5:07 of 2nd period - Snap shot by Guillaume Desbiens.
5:07 of 2nd period - Goal by Guillaume Desbiens - Patriotes : 1 - Remparts : 7.
5:08 of 2nd period - Alex Galchenyuk wins face-off versus Christian Hanson in neutral zone.
6:53 of 2nd period - Mika Zibanejad is hit by David Kolomatis and loses puck.
7:40 of 2nd period - Slapshot by Christian Hanson.
7:40 of 2nd period - Shot Blocked by Pasi Salonen.
7:52 of 2nd period - Snap shot by Matt Halischuk.
7:52 of 2nd period - Shot Blocked by Phil McRae.
8:34 of 2nd period - Daniel Paille is hit by Ryan Wilson and loses puck.
8:55 of 2nd period - Snap shot by Phil McRae.
8:55 of 2nd period - Stopped by Tyler Plante with a rebound.
9:05 of 2nd period - Wrist shot by Austin Watson.
9:05 of 2nd period - Shot Blocked by Alex Galchenyuk.
9:07 of 2nd period - Slapshot by Alex Petrovic.
9:07 of 2nd period - Shot Blocked by Mike Weber.
9:35 of 2nd period - Mike Weber is hit by Tyler Randell and loses puck.
9:52 of 2nd period - Wrist shot by Justin Florek.
9:52 of 2nd period - Stopped by Tyler Plante with a rebound.
9:54 of 2nd period - Snap shot by Zenon Konopka.
9:54 of 2nd period - Shot Misses the Net.
10:24 of 2nd period - Snap shot by Zenon Konopka.
10:24 of 2nd period - Stopped by Tyler Plante without a rebound.
10:25 of 2nd period - Christian Hanson wins face-off versus Mika Zibanejad in Remparts zone.
10:53 of 2nd period - Snap shot by Max Reinhart.
10:53 of 2nd period - Stopped by Marek Schwarz without a rebound.
10:54 of 2nd period - Phil McRae wins face-off versus Max Reinhart in Patriotes zone.
11:05 of 2nd period - Max Reinhart is hit by Anthony Bitetto and loses puck.
11:26 of 2nd period - Slapshot by Phil McRae.
11:26 of 2nd period - Deflect By Andrew Gordon.
11:26 of 2nd period - Stopped by Tyler Plante without a rebound.
11:27 of 2nd period - Christian Hanson wins face-off versus Mika Zibanejad in Remparts zone.
11:30 of 2nd period - Wrist shot by Christian Hanson.
11:30 of 2nd period - Shot Blocked by Alex Galchenyuk.
12:56 of 2nd period - Slapshot by Matt Calvert.
12:56 of 2nd period - Stopped by Tyler Plante with a rebound.
12:58 of 2nd period - Wrist shot by Matt Calvert.
12:58 of 2nd period - Goal by Matt Calvert - Patriotes : 2 - Remparts : 7.
12:59 of 2nd period - Mika Zibanejad wins face-off versus Christian Hanson in neutral zone.
13:24 of 2nd period - Mark Stone is hit by Kris Russell and loses puck.
13:33 of 2nd period - Snap shot by Matt Calvert.
13:33 of 2nd period - Stopped by Tyler Plante without a rebound.
13:34 of 2nd period - Austin Watson wins face-off versus Mika Zibanejad in Remparts zone.
13:49 of 2nd period - Snap shot by Alex Galchenyuk.
13:49 of 2nd period - Stopped by Marek Schwarz with a rebound.
14:41 of 2nd period - Snap shot by Guillaume Desbiens.
14:41 of 2nd period - Stopped by Marek Schwarz without a rebound.
14:42 of 2nd period - Christian Hanson wins face-off versus Mika Zibanejad in Patriotes zone.
15:13 of 2nd period - Snap shot by Emerson Etem.
15:13 of 2nd period - Shot Misses the Net.
15:15 of 2nd period - Wrist shot by Jared Knight.
15:15 of 2nd period - Goal by Jared Knight - Patriotes : 3 - Remparts : 7.
15:16 of 2nd period - Christian Hanson wins face-off versus Mika Zibanejad in neutral zone.
15:26 of 2nd period - Minor Penalty to Guillaume Desbiens for Hooking.
15:27 of 2nd period - Max Reinhart wins face-off versus Christian Hanson in Remparts zone.
16:12 of 2nd period - Off-side.
16:13 of 2nd period - Christian Hanson wins face-off versus Chris Mueller in neutral zone.
16:26 of 2nd period - Max Reinhart is hit by Andrew Gordon and loses puck.
16:49 of 2nd period - Kris Russell is hit by Matt Calvert and loses puck.
17:26 of 2nd period - Penalty to Guillaume Desbiens is over, Guillaume Desbiens is back on ice.
19:42 of 2nd period - Off-side.
19:43 of 2nd period - Christian Hanson wins face-off versus Pasi Salonen in neutral zone.
Goals for this period are 2 for Patriotes vs 3 for Remparts.
Shots for this period are 9 for Patriotes vs 11 for Remparts.
3rd period
0:01 of 3rd period - Mika Zibanejad wins face-off versus Christian Hanson in neutral zone.
0:12 of 3rd period - Snap shot by Mika Zibanejad.
0:12 of 3rd period - Stopped by Marek Schwarz without a rebound.
0:13 of 3rd period - Christian Hanson wins face-off versus Mika Zibanejad in Patriotes zone.
0:38 of 3rd period - Kris Russell is hit by Timothy Kunes and loses puck.
0:49 of 3rd period - Snap shot by Mika Zibanejad.
0:49 of 3rd period - Goal by Mika Zibanejad - Patriotes : 3 - Remparts : 8.
0:49 of 3rd period - Andrei Vasilevskiy enters game.
0:50 of 3rd period - Christian Hanson wins face-off versus Max Reinhart in neutral zone.
0:55 of 3rd period - Slapshot by Ryan Wilson.
0:55 of 3rd period - Shot Blocked by Daniel Paille.
1:05 of 3rd period - Snap shot by Max Reinhart.
1:05 of 3rd period - Stopped by Andrei Vasilevskiy without a rebound.
1:06 of 3rd period - Mika Zibanejad wins face-off versus Jared Knight in Patriotes zone.
1:07 of 3rd period - Snap shot by Guillaume Desbiens.
1:07 of 3rd period - Stopped by Andrei Vasilevskiy with a rebound.
1:32 of 3rd period - Max Reinhart is hit by Christian Hanson and loses puck.
2:33 of 3rd period - Icing by Chris Mueller.
2:34 of 3rd period - Chris Mueller wins face-off versus Christian Hanson in Remparts zone.
2:34 of 3rd period - Chris Mueller is hit by Christian Hanson.
3:04 of 3rd period - Snap shot by Ryan Wilson.
3:04 of 3rd period - Stopped by Tyler Plante without a rebound.
3:05 of 3rd period - Max Reinhart wins face-off versus Phil McRae in Remparts zone.
3:20 of 3rd period - Slapshot by Andrew Gordon.
3:20 of 3rd period - Shot Misses the Net.
3:30 of 3rd period - Slapshot by Emerson Etem.
3:30 of 3rd period - Deflect By Daniel Paille.
3:30 of 3rd period - Stopped by Tyler Plante without a rebound.
3:31 of 3rd period - Jared Knight wins face-off versus Mika Zibanejad in Remparts zone.
3:46 of 3rd period - Snap shot by Alex Galchenyuk.
3:46 of 3rd period - Stopped by Andrei Vasilevskiy with a rebound.
4:08 of 3rd period - Snap shot by Matt Calvert.
4:08 of 3rd period - Shot Hit the Post.
4:18 of 3rd period - Wrist shot by Andrew Gordon.
4:18 of 3rd period - Stopped by Tyler Plante with a rebound.
4:20 of 3rd period - Wrist shot by Phil McRae.
4:20 of 3rd period - Shot Misses the Net.
4:37 of 3rd period - Icing by William Colbert.
4:38 of 3rd period - Zenon Konopka wins face-off versus Max Reinhart in Remparts zone.
6:21 of 3rd period - Slapshot by Tyler Randell.
6:21 of 3rd period - Shot Misses the Net.
6:41 of 3rd period - Wrist shot by Andrew Gordon.
6:41 of 3rd period - Stopped by Tyler Plante without a rebound.
6:42 of 3rd period - Chris Mueller wins face-off versus Phil McRae in Remparts zone.
7:08 of 3rd period - Cody Ceci is hit by Vince Hinostroza and loses puck.
7:25 of 3rd period - Slapshot by Andrew Gordon.
7:25 of 3rd period - Stopped by Tyler Plante without a rebound.
7:26 of 3rd period - Christian Hanson wins face-off versus Alex Galchenyuk in Remparts zone.
7:33 of 3rd period - Wrist shot by Mark Stone.
7:33 of 3rd period - Stopped by Tyler Plante with a rebound.
7:37 of 3rd period - Slapshot by Christian Hanson.
7:37 of 3rd period - Stopped by Tyler Plante without a rebound.
7:38 of 3rd period - Christian Hanson wins face-off versus Alex Galchenyuk in Remparts zone.
7:49 of 3rd period - Mark Stone is hit by Alex Galchenyuk and loses puck.
8:27 of 3rd period - Kris Russell is hit by Justin Florek and loses puck.
8:36 of 3rd period - Slapshot by Ryan Wilson.
8:36 of 3rd period - Shot Misses the Net.
8:56 of 3rd period - Minor Penalty to Brandon Mashinter for Hooking.
8:57 of 3rd period - Christian Hanson wins face-off versus Max Reinhart in Remparts zone.
9:01 of 3rd period - Slapshot by Andrew Gordon.
9:01 of 3rd period - Shot Misses the Net.
10:09 of 3rd period - Icing by Christian Hanson.
10:10 of 3rd period - Christian Hanson wins face-off versus Max Reinhart in Patriotes zone.
10:39 of 3rd period - Justin Florek is hit by Johannes Salmonsson and loses puck.
10:56 of 3rd period - Penalty to Brandon Mashinter is over, Brandon Mashinter is back on ice.
11:06 of 3rd period - Snap shot by Emerson Etem.
11:06 of 3rd period - Stopped by Tyler Plante with a rebound.
11:22 of 3rd period - Snap shot by Andrew Gordon.
11:22 of 3rd period - Stopped by Tyler Plante with a rebound.
12:10 of 3rd period - Matt Calvert is hit by Mika Zibanejad and loses puck.
12:45 of 3rd period - Wrist shot by Matt Halischuk.
12:45 of 3rd period - Stopped by Andrei Vasilevskiy with a rebound.
14:23 of 3rd period - Snap shot by Johannes Salmonsson.
14:23 of 3rd period - Stopped by Andrei Vasilevskiy with a rebound.
14:44 of 3rd period - Zenon Konopka is hit by Daniel Paille.
14:52 of 3rd period - Slapshot by Ryan Wilson.
14:52 of 3rd period - Stopped by Tyler Plante without a rebound.
14:53 of 3rd period - Mika Zibanejad wins face-off versus Christian Hanson in Remparts zone.
15:26 of 3rd period - Wrist shot by Matt Calvert.
15:26 of 3rd period - Stopped by Tyler Plante without a rebound.
15:27 of 3rd period - Guillaume Desbiens wins face-off versus Zenon Konopka in Remparts zone.
16:03 of 3rd period - Wrist shot by Max Reinhart.
16:03 of 3rd period - Deflect By Daniel Paille.
16:03 of 3rd period - Shot Misses the Net.
16:03 of 3rd period - Puck is out of play.
16:04 of 3rd period - Christian Hanson wins face-off versus Brandon Mashinter in Patriotes zone.
16:04 of 3rd period - Christian Hanson is hit by Matt Halischuk.
16:40 of 3rd period - Snap shot by Tyler Randell.
16:40 of 3rd period - Shot Misses the Net.
16:54 of 3rd period - Snap shot by Andrew Gordon.
16:54 of 3rd period - Goal by Andrew Gordon - Patriotes : 4 - Remparts : 8.
16:55 of 3rd period - Christian Hanson wins face-off versus Mika Zibanejad in neutral zone.
17:09 of 3rd period - Off-side.
17:10 of 3rd period - Max Reinhart wins face-off versus Christian Hanson in neutral zone.
17:26 of 3rd period - Wrist shot by Max Reinhart.
17:26 of 3rd period - Shot Blocked by Timothy Kunes.
17:35 of 3rd period - Icing by Ryan Wilson.
17:36 of 3rd period - Christian Hanson wins face-off versus Mika Zibanejad in Patriotes zone.
17:43 of 3rd period - Slapshot by Ryan Wilson.
17:43 of 3rd period - Shot Blocked by Guillaume Desbiens.
17:45 of 3rd period - Slapshot by Timothy Kunes.
17:45 of 3rd period - Goal by Timothy Kunes - Patriotes : 5 - Remparts : 8.
17:46 of 3rd period - Mika Zibanejad wins face-off versus Christian Hanson in neutral zone.
17:55 of 3rd period - Matt Calvert is hit by Mika Zibanejad and loses puck.
18:12 of 3rd period - Daniel Paille is hit by Jared Knight and loses puck.
18:53 of 3rd period - Slapshot by Chris Mueller.
18:53 of 3rd period - Stopped by Andrei Vasilevskiy with a rebound.
19:23 of 3rd period - Snap shot by Matt Calvert.
19:23 of 3rd period - Stopped by Tyler Plante with a rebound.
19:25 of 3rd period - Slapshot by Anthony Bitetto.
19:25 of 3rd period - Stopped by Tyler Plante with a rebound.
19:43 of 3rd period - Slapshot by Ryan Wilson.
19:43 of 3rd period - Shot Misses the Net.
19:45 of 3rd period - Slapshot by Ryan Wilson.
19:45 of 3rd period - Shot Misses the Net.
Goals for this period are 2 for Patriotes vs 1 for Remparts.
Shots for this period are 15 for Patriotes vs 8 for Remparts.
Back to the Top